 Dungeon Crawl Stone Soup version 0.30.1-11-g7821555f0a (webtiles) character file.

Game seed: 14586186070057195086

109 playerpeter1231 the Sneak (level 4, -2/23 HPs)
             Began as a Spriggan Brigand on Nov 18, 2023.
             Slain by a river rat (7 damage)
             ... in a sewer.
             The game lasted 00:15:13 (1634 turns).

playerpeter1231 the Sneak (Spriggan Brigand)        Turns: 1634, Time: 00:15:13

Health: -2/23      AC:  3    Str:  7    XL:     4   Next: 60%
Magic:  5/5        EV: 17    Int: 12    God:
Gold:   136        SH:  0    Dex: 18    Spells: 3/3 levels left

rFire   . . .        a - +2 dagger
rCold   . . .        (no shield)
rNeg    . . .        b - +0 robe
rPois   .            (helmet restricted)
rElec   .            c - +0 cloak
rCorr   .            (gloves unavailable)
SInv    +            (boots unavailable)
Will    .....        (no amulet)
Stlth   ++++         (no ring)
HPRegen 0.23/turn    (no ring)
MPRegen 0.09/turn

%: no passive effects
@: very quick
A: very small, no large weapons, unfitting armour, see invisible, speed 3
a: no special abilities


You were in a sewer.
You visited 1 branch of the dungeon, and saw 3 of its levels.
You also visited: Sewer.

You collected 136 gold pieces.

Inventory:

Hand Weapons
 a - a +2 dagger (weapon)
 f - a +0 dagger
Missiles
 e - 6 atropa-tipped darts
 j - 3 curare-tipped darts
 n - 3 poisoned darts (quivered)
Armour
 b - a +0 robe (worn)
 c - a +0 cloak (worn)
Jewellery
 t - the amulet "Xaipohod" {Regen+ Int+6}
   (You found it on level 3 of the Dungeon)

   [amulet of regeneration]

   Int:       It affects your intelligence (+6).
   Regen:     It increases your rate of health regeneration.
Scrolls
 d - 2 scrolls of fog {unknown}
 h - 2 scrolls of teleportation {unknown}
 k - a scroll of vulnerability {unknown}
 l - a scroll of enchant armour {unknown}
 m - 2 scrolls of identify {unknown}
 q - 2 scrolls of amnesia {unknown}
 r - a scroll of magic mapping {unknown}
Potions
 g - a potion of magic
 i - a potion of heal wounds {unknown}
 o - 2 potions of attraction {unknown}
 p - a potion of resistance {unknown}
 s - a potion of might {unknown}
 u - a potion of degeneration {unknown}


   Skills:
 + Level 1.9 Fighting
 + Level 3.0 Short Blades
 + Level 2.6 Throwing
 + Level 2.0 Dodging
 + Level 7.7 Stealth


You had 3 spell levels left.
You didn't know any spells.
Your spell library contained the following spells:

 Spells                   Type           Power      Damage    Failure   Level
 Lesser Beckoning         Tloc           0%         N/A       45%         2
 Gell's Gravitas          Tloc           0%         N/A       69%         3
 Teleport Other           Tloc           0%         N/A       69%         3


Dungeon Overview and Level Annotations

Branches:
Dungeon (3/15)              Sewer (1/1)

Altars:

Shops:
D:2 =


Innate Abilities, Weirdness & Mutations

You are very small and have problems with some larger weapons.
You are too small for most types of armour.
You have supernaturally acute eyesight. (SInv)
You cover ground extremely quickly. (Speed+++)


Message History

A glowing drain.
Enter note: Unknown command.
There are no items here.
Enter note: Unknown command.
Unknown command.
The river rat barely misses you. x2
The world spins around you as you enter the gateway.
You enter a sewer!
Found a gate leading back out of this place.
There is an empty arch of ancient stone here.
It was a potion of magic.
Magic courses through your body.
You hit the river rat but do no damage. You barely miss the river rat.
The river rat bites you.
* * * LOW HITPOINT WARNING * * *
You hit the river rat.
The river rat is lightly wounded.
The river rat completely misses you.
You hit the river rat.
The river rat is lightly wounded.
The river rat barely misses you.
You hit the river rat but do no damage.
The river rat is lightly wounded.
The river rat misses you.
You hit the river rat but do no damage.
The river rat is lightly wounded.
The river rat misses you.
You hit the river rat but do no damage.
The river rat is lightly wounded.
The river rat bites you but does no damage.
You closely miss the river rat.
The river rat is lightly wounded.
You hit the river rat but do no damage.
The river rat is lightly wounded.
The river rat closely misses you.
You hit the river rat but do no damage.
The river rat is lightly wounded.
The river rat bites you!
You die... ############### ~.....r@∩..rrrr ###############

You could see 2 river rats and 3 rats.

Vanquished Creatures
  4 adders
  3 worms
  An orc (D:3)
  6 ball pythons
  7 bats
  6 endoplasms
  6 giant cockroaches (D:1)
  4 goblins
  3 hobgoblins
  3 jackals (D:2)
  4 kobolds
  2 quokkas (D:1)
  7 frilled lizards
  3 rats
59 creatures vanquished.

Notes
Turn   | Place    | Note
-------+----------+-------------------------------------------
     0 | D:1      | playerpeter1231 the Spriggan Brigand began the quest for
                  | the Orb.
     0 | D:1      | Reached XP level 1. HP: 10/10 MP: 2/2
     7 | D:1      | You fall into a shaft and drop 1 floor!
    24 | D:2      | Reached skill level 6 in Stealth
    30 | D:2      | Reached XP level 2. HP: 14/14 MP: 3/3
    78 | D:1      | Reached skill level 7 in Stealth
   199 | D:1      | Reached XP level 3. HP: 18/18 MP: 4/4
   782 | D:2      | Found Uloegenn's Jewellery Shoppe.
   839 | D:2      | Reached XP level 4. HP: 23/23 MP: 5/5
  1278 | D:3      | Identified the amulet "Xaipohod" {Regen+ Int+6}
  1602 | D:3      | Found a glowing drain.
  1622 | D:3      | sewer
  1623 | Sewer    | Entered a sewer
  1634 | Sewer    | Slain by a river rat

Illustrated notes

# #...........###. #..
...# #
.................... ....
#
#........................#
# ...................
...!. ##.##
.................. .....
..... ..................
##.# .........~~~......
.#.# ........~r~~~.....
.#.# ........~~@r~B!..>
.#.# .#####..~~~~~.....
.#.### #...~~~......
.....# #............
#..#.# #.........#.#
...#.# #..(........#
.<...# #############
######


Turn 1622 on D:3: sewer

Levels and vault maps discovered:
D:1:      minmay_arrival_radiant_lines, layout_rooms
D:2:      layout_rooms, serial_shops, nicolae_shop_stone, minmay_pentomino_x4
D:3:      layout_basic, portal_sewer_entry_a, kennysheep_pointless_box,
          kennysheep_jessica_study
Sewer:    sewer_kobolds

Skill      XL: |  1  2  3  4 |
---------------+-------------+-----
Stealth        | 6 7 |  7.7
Short Blades   | 3 |  3.0
Dodging        | 2 |  2.0
Fighting       | |  1.9
Throwing       | |  2.6

Action                     |  1- 3 |  4- 6 || total
---------------------------+-------+-------++-------
  Melee: Dagger            |   114 |    69 ||   183
         Punch             |     2 |     1 ||     3
  Throw: Dart              |    56 |    22 ||    78
    Use: Potion            |       |     1 ||     1
   Stab: Sleeping          |     6 |     4 ||    10
         Distracted        |     1 |       ||     1
 Armour: Robe              |    20 |     7 ||    27
  Dodge: Dodged            |    67 |    43 ||   110
